 Dungeon Crawl Stone Soup version 0.26.0-20-g3ca415f5b8 (webtiles) character file.

Game seed: 2906339897594382593

14 kaeus the Firebug (level 2, -3/20 HPs)
             Began as a Draconian Fire Elementalist on Jan 25, 2021.
             Slain by a leopard gecko (4 damage)
             ... on level 1 of the Dungeon.
             The game lasted 00:00:43 (394 turns).

kaeus the Firebug (Draconian Fire Elementalist)      Turns: 394, Time: 00:00:44

Health: -3/20      AC:  4    Str: 10    XL:     2   Next: 27%
Magic:  0/5        EV: 12    Int: 15    God:
Gold:   49         SH:  0    Dex: 11    Spells: 4/5 levels left

rFire    . . .     SeeInvis .   a - +0 club
rCold    . . .     Faith    .   (no shield)
rNeg     . . .     Spirit   .   (armour unavailable)
rPois    .         Reflect  .   (helmet restricted)
rElec    .         Harm     .   (no cloak)
rCorr    .         Rampage  .   (no gloves)
Will     .....                  (no boots)
Stlth    ++........             (no amulet)
HPRegen  0.06/turn              (no ring)
MPRegen  0.09/turn              (no ring)

@: no status effects
A: unfitting armour, cold-blooded, AC +4
a: no special abilities


You were on level 1 of the Dungeon.
You visited 1 branch of the dungeon, and saw 1 of its levels.

You collected 49 gold pieces.

Inventory:

Hand Weapons
 a - a +0 club (weapon)
Scrolls
 c - 4 scrolls of remove curse {unknown}
Potions
 b - a potion of haste {unknown}


   Skills:
 + Level 1.9 Dodging
 - Level 1.7 Stealth
 + Level 2.1 Spellcasting
 * Level 1.5 Conjurations
 * Level 3.3 Fire Magic


You had 4 spell levels left.
You knew the following spells:

 Your Spells              Type           Power        Failure   Level
a - Foxfire               Conj/Fire      32%          9%          1

Your spell library contained the following spells:

 Spells                   Type           Power        Failure   Level
 Conjure Flame            Conj/Fire      8%           24%         3
 Inner Flame              Hex/Fire       6%           32%         3
 Sticky Flame             Conj/Fire      8%           63%         4
 Fireball                 Conj/Fire      4%           92%         5


Dungeon Overview and Level Annotations

Branches:
Dungeon (1/15)

Altars:


Innate Abilities, Weirdness & Mutations

Your plain brown scales are hard. (AC +4)
You cannot fit into any form of body armour.
You are cold-blooded and may be slowed by cold attacks.


Message History

The leopard gecko bites you but does no damage.
The leopard gecko bites you.
* * * LOW HITPOINT WARNING * * *
You take 3 damage, and have 2/20 hp.
The leopard gecko closely misses you. The leopard gecko barely misses you.
Casting: Foxfire (safe; 9% risk of failure)
Confirm with . or Enter, or press ? or * to list all spells.
You conjure some foxfire!
The leopard gecko bites you.
* * * LOW HITPOINT WARNING * * *
You take 1 damage, and have 1/20 hp.
You now have 0/5 mp.
You barely miss the leopard gecko.
Your tail-slap misses the leopard gecko.
The leopard gecko is moderately wounded.
The foxfire hits the leopard gecko.
The leopard gecko is heavily wounded.
The foxfire hits the leopard gecko.
The leopard gecko is almost dead.
The leopard gecko barely misses you. The leopard gecko bites you.
You die...

### # ### ###.#.#...#
#########...#...#
..........#...#
...............#...#
#.............†..#...#
..............#.#.#...#
....####...l.#########
#.....#.§@.......# .
#.......§....##.##
....#.....#...........
....†.†!..............
......###.............
..............##......
..
......###.....##.......
... ...#
###......#........ ...
.. .....####.#....#.#.
...


You could see a leopard gecko.

Vanquished Creatures
  A dart slug (D:1)
  A leopard gecko (D:1)
  A giant cockroach (D:1)
  A goblin (D:1)
  2 hobgoblins (D:1)
  A ball python (D:1)
  2 bats (D:1)
  A frilled lizard (D:1)
  A rat (D:1)
11 creatures vanquished.

Vanquished Creatures (others)
  42 foxfires (D:1)
42 creatures vanquished.

Grand Total: 53 creatures vanquished

Notes
Turn   | Place    | Note
-------+----------+-------------------------------------------
     0 | D:1      | kaeus the Draconian Fire Elementalist began the quest for
                  | the Orb.
     0 | D:1      | Reached XP level 1. HP: 14/14 MP: 3/3
   260 | D:1      | Reached XP level 2. HP: 20/20 MP: 0/5
   393 | D:1      | HP: 1/20 [leopard gecko (1)]
   394 | D:1      | Slain by a leopard gecko

Illustrated notes

Levels and vault maps discovered:
D:1:      dpeg_arrival_arbitrary_a, layout_basic, minmay_crystal_room,
          minmay_misc_feat_alley, moated_statue, nrook_campfire,
          lexackson_kobold_supper

Action                   || total
-------------------------++-------
Melee: Unarmed           ||     9
       Club              ||    11
       Tailslap          ||     1
 Cast: Foxfire           ||    25
Armor: Skin              ||    12
Dodge: Dodged            ||    25
